 Dungeon Crawl Stone Soup version 0.32-a0-314-g526f7d4993 (webtiles) character file.

Game seed: 950461043863419006

56 zenocrate the Sneak (level 3, 0/26 HPs)
             Began as an Octopode Delver on Feb 15, 2024.
             Slain by a sleepcap (6 damage)
             ... on level 4 of the Dungeon.
             The game lasted 00:00:58 (181 turns).

zenocrate the Sneak (Octopode Delver)                Turns: 181, Time: 00:00:59

Health: 0/26       AC:  1    Str: 11    XL:     3   Next: 95%
Magic:  3/3        EV: 13    Int: 12    God:
Gold:   0          SH:  0    Dex: 15    Spells: 2/2 levels left

rFire   . .          .
                       - Unarmed
rCold   . . .        (no shield)
rNeg    . . .        (helmet restricted)
rPois   .            (no amulet)
rElec   .            (no ring)
rCorr   .            (no ring)
SInv    .            (no ring)
Will    .....        (no ring)
Stlth   +++++        (no ring)
HPRegen 0.24/turn    (no ring)
MPRegen 0.08/turn    (no ring)
                     (no ring)

%: no passive effects
@: no status effects
A: almost no armour, amphibious, 8 rings, camouflage 1, gelatinous body 1,
(nimble swimmer 1), tentacles
a: no special abilities


You were on level 4 of the Dungeon.
You visited 1 branch of the dungeon, and saw 2 of its levels.

Inventory:

Wands
 e - a wand of digging (3)
Scrolls
 a - a scroll of fog
 b - a scroll of revelation
 c - a scroll of fear
Potions
 d - a potion of haste


   Skills:
 + Level 3.4 Fighting
 + Level 2.6 Dodging
 + Level 7.1 Stealth
 + Level 2.6 Unarmed Combat


You had 2 spell levels left.
You didn't know any spells.
Your spell library was empty.

Dungeon Overview and Level Annotations

Branches:
Dungeon (5/15)
 Temple: D:4-7

Altars:


Innate Abilities, Weirdness & Mutations

You cannot wear most types of armour.
You are amphibious.
You can wear up to eight rings at the same time.
Your skin changes colour to match your surroundings (Stealth+).
Your rubbery body absorbs attacks. (AC +1, EV +1)
((You are camouflaged when in or above water. (Stealth+)))
You have tentacles for arms and can constrict up to eight enemies at once.


Message History

The iguana is severely wounded.
You constrict the iguana. The iguana closely misses you.
Unknown command.
You tentacle-slap the iguana.
The iguana is almost dead.
You constrict the iguana.
You kill the iguana!
Your Stealth skill increases to level 7!
Unknown command.
HP restored.
You see here an iguana corpse.
A sleepcap comes into view.
A sleepcap is nearby!
Found a stone staircase leading up.
A sleepcap is nearby!
The helpless sleepcap fails to defend itself.
You bludgeon the sleepcap! You grab the sleepcap. You squeeze the sleepcap.
The sleepcap is moderately damaged.
You constrict the sleepcap, but do no damage.
The sleepcap closely misses you.
Unknown command.
You tentacle-slap the sleepcap but do no damage.
The sleepcap is moderately damaged.
You constrict the sleepcap, but do no damage.
The sleepcap releases spores at you.
You are engulfed in a cloud of soporific spores!
You fall asleep.
You lose your grip on the sleepcap.
The sleepcap releases spores at you!!
You wake up.
Ouch! That really hurt!
* * * LOW HITPOINT WARNING * * *
You tentacle-slap the sleepcap. You grab the sleepcap.
The sleepcap is heavily damaged.
You constrict the sleepcap. The sleepcap barely misses you.
You are too injured to fight recklessly!
You tentacle-slap the sleepcap but do no damage.
The sleepcap is heavily damaged.
You constrict the sleepcap, but do no damage.
The sleepcap releases spores at you.
You die...

#.....#### ##
#.###>...### ..
#..†.........
#..#.####..#####..###
..........## ...#
.##.##..## #.. #.## .
#.# #@# #f.......#
.....####.. ##<.#..
..# ### ##. #. #.


You could see a sleepcap.

Vanquished Creatures
  A hound (D:5)
  An iguana (D:4)
2 creatures vanquished.

Notes
Turn   | Place    | Note
-------+----------+-------------------------------------------
     0 | D:5      | zenocrate the Octopode Delver began the quest for the Orb.
     0 | D:5      | Reached XP level 1. HP: 16/16 MP: 1/1
    14 | D:5      | Noticed a hound
    20 | D:5      | Killed a hound
    21 | D:5      | Reached XP level 2. HP: 7/21 MP: 2/2
    21 | D:5      | Reached XP level 3. HP: 9/26 MP: 3/3
   110 | D:4      | Reached skill level 7 in Stealth
   181 | D:4      | Slain by a sleepcap

Illustrated notes

Levels and vault maps discovered:
D:4:      layout_rooms, kennysheep_little_box
D:5:      layout_basic, mainiacjoe_overflow_alcove_4,
          nicolae_uskayaw_dance_hall, kennysheep_generic_room_10

Skill      XL: |  1  2  3 |
---------------+----------+-----
Stealth        | 7 |  7.1
Fighting       | |  3.4
Dodging        | |  2.6
Unarmed Combat | |  2.6

Action                     || total
---------------------------++-------
  Melee: Unarmed           ||    19
         Tentacles         ||     5
         Constrict         ||     4
         Punch             ||     1
   Stab: Sleeping          ||     2
 Armour: Skin              ||     8
  Dodge: Dodged            ||    11

Table legend: (Time is in decaauts)
 A = Elapsed time spent in this place.
 B = Non-inter-level travel time spent in this place.
 C = Inter-level travel time spent in this place.
 D = Time resting spent in this place.
 E = Time spent auto-exploring this place.
 F = Levels seen in this place.
 G = Mean time per level.
                   A        B        C        D        E       F      G
               +--------+--------+--------+--------+--------+-----+--------+
         Total |    180 |    180 |      0 |     71 |     74 |   2 |   90.0 |
       Dungeon |    180 |    180 |      0 |     71 |     74 |   2 |   90.0 |
               +--------+--------+--------+--------+--------+-----+--------+

Top non-repeatable levels by time:
     D:5: 98 daAuts
     D:4: 81 daAuts
